 Dungeon Crawl Stone Soup version 0.22-a0-467-g5c5de1c (webtiles) character file.

149 Cunctator the Magician (level 5, -1/37 HPs)
             Began as a Gnoll Wizard on June 10, 2018.
             Slain by a gnoll
             ... wielding a cursed -1 spear
              (5 damage)
             ... on level 3 of the Dungeon.
             The game lasted 00:12:18 (3692 turns).

Cunctator the Magician (Gnoll Wizard)               Turns: 3692, Time: 00:12:20

Health: -1/37      AC:  3    Str:  9    XL:     5   Next: 31%
Magic:  14/14      EV: 13    Int: 22    God:
Gold:   153        SH:  0    Dex: 13    Spells: 13/18 levels left

rFire    . . .     SeeInvis .   w - +0 halberd
rCold    . . .     Gourm    .   (shield currently unavailable)
rNeg     . . .     Faith    .   c - +0 leather armour
rPois    .         Spirit   .   b - +0 hat
rElec    .         Reflect  .   (no cloak)
rCorr    .         Harm     .   (no gloves)
MR       .....                  (no boots)
Stlth    ++........             (no amulet)
HPRegen  0.12/turn              (no ring)
MPRegen  0.14/turn              (no ring)

@: no status effects
A: distributed training, fangs 1, strong nose
a: no special abilities


You were on level 3 of the Dungeon.
You were not hungry.

You visited 1 branch of the dungeon, and saw 3 of its levels.

You collected 153 gold pieces.

Inventory:

Hand Weapons
 i - a +0 dagger
 m - a +0 club
 n - a +3 short sword of speed
 q - a +0 hand axe
 w - a +0 halberd (weapon)
Missiles
 f - 114 stones
 C - 4 tomahawks (quivered)
Armour
 a - a +0 robe
 b - a +0 hat (worn)
 c - a +0 leather armour (worn)
 t - a +0 chain mail
 B - a +0 plate armour
 E - a +0 ring mail
 F - a +0 scale mail
Jewellery
 g - a +1 ring of evasion {unknown}
Scrolls
 e - 6 scrolls of identify {unknown}
 j - a scroll of remove curse {unknown}
 o - a scroll of blinking {unknown}
 r - a scroll of amnesia {unknown}
 s - 2 scrolls of teleportation {unknown}
 v - 2 scrolls of fog {unknown}
 x - a scroll of magic mapping {unknown}
 y - a scroll of immolation {unknown}
Potions
 h - a potion of haste {unknown}
 k - a potion of heal wounds {unknown}
 l - a potion of might {unknown}
 p - a potion of magic {unknown}
 u - a potion of agility {unknown}
 z - a potion of ambrosia {unknown}
 A - 2 potions of lignification {unknown}
 D - a potion of mutation {unknown}
Comestibles
 d - 13 rations
 G - a chunk of flesh


   Skills:
 + Level 1.4 Fighting
 + Level 1.4 Short Blades
 + Level 1.4 Long Blades
 + Level 1.4 Axes
 + Level 1.4 Maces & Flails
 + Level 1.4 Polearms
 + Level 1.4 Staves
 + Level 1.4 Slings
 + Level 1.4 Bows
 + Level 1.4 Crossbows
 + Level 1.4 Throwing
 + Level 1.4 Armour
 + Level 4.7 Dodging
 + Level 4.4 Stealth
 + Level 1.4 Shields
 + Level 1.4 Unarmed Combat
 + Level 7.3 Spellcasting
 + Level 2.3 Conjurations
 + Level 1.1 Hexes
 + Level 1.1 Charms
 + Level 2.3 Summonings
 + Level 1.1 Necromancy
 + Level 2.3 Translocations
 + Level 1.1 Transmutations
 + Level 1.1 Fire Magic
 + Level 1.1 Ice Magic
 + Level 1.1 Air Magic
 + Level 1.1 Earth Magic
 + Level 1.1 Poison Magic
 + Level 1.6 Invocations
 + Level 1.4 Evocations


You had 13 spell levels left.
You knew the following spells:

 Your Spells              Type           Power        Failure   Level  Hunger
a - Magic Dart            Conj           ###.         4%          1    None
b - Blink                 Tloc           N/A          6%          2    None
c - Call Imp              Summ           ###.....     6%          2    None

Your spell library contained the following spells:

 Spells                   Type           Power        Failure   Level  Hunger
 Conjure Flame            Conj/Fire      ###.....     16%         3    None
 Slow                     Hex            ##......     11%         2    None
 Mephitic Cloud           Conj/Pois/Air  ##......     17%         3    None


Dungeon Overview and Level Annotations

Branches:
Dungeon (3/15)

Altars:
Ashenzari
Hepliaklqana


Innate Abilities, Weirdness & Mutations

Your experience applies equally to all skills.
You have very sharp teeth.
Your uncanny sense of smell can sniff out nearby items.


Message History

Aim: a gnoll, wielding a flail of protection You reach to attack!
You closely miss the gnoll.
The gnoll hits you with a flail of protection!
Attack whom?
Press: ? - help, Dir - move target cursor, f/p - gnoll
Aim: a gnoll, wielding a flail of protection The gnoll shouts!
You hit the gnoll but do no damage.
The gnoll hits you from afar with a spear.
The gnoll misses you.
Attack whom?
Press: ? - help, Dir - move target cursor, f/p - gnoll
Aim: a gnoll, wielding a flail of protection You hit the gnoll.
You bite the gnoll, but do no damage.
The gnoll is moderately wounded.
The gnoll hits you from afar with a spear.
The gnoll hits you with a flail of protection!
* * * LOW HITPOINT WARNING * * *
The gnoll hits you from afar with a spear.
You die...

#.##############...#.....##...##
##.............##.........###....
...............................##
######.....).....................
#.......#.###.##########....
#.......+.........# #..÷÷..
#.......#.#...#.#. #......
#.......#.#.### #..÷...
#...).....#@# #......
#.........#.gggg... #......
######....######..$ #......
#....# #...... #.#### #...... #.#
#...... #.# ####... #.# #.## ∆
#.# #.#


You could see 4 gnolls.

Vanquished Creatures
  A hound (D:3)
  4 adders
  An ooze (D:3)
  2 worms (D:2)
  A dart slug (D:1)
  An orc (D:3)
  8 bats
  2 giant cockroaches
  4 goblins
  10 hobgoblins
  11 jackals
  A ball python (D:1)
  6 frilled lizards
  6 kobolds
  11 rats
69 creatures vanquished.

Vanquished Creatures (collateral kills)
  A dart slug (D:1)
  A goblin (D:1)
  A hobgoblin (D:1)
3 creatures vanquished.

Grand Total: 72 creatures vanquished

Notes
Turn   | Place    | Note
-------+----------+-------------------------------------------
     0 | D:1      | Cunctator the Gnoll Wizard began the quest for the Orb.
     0 | D:1      | Reached XP level 1. HP: 13/13 MP: 8/8
   243 | D:1      | Reached XP level 2. HP: 14/19 MP: 8/10
   753 | D:1      | Reached XP level 3. HP: 25/25 MP: 8/11
   780 | D:1      | Learned a level 2 spell: Blink
   783 | D:1      | Learned a level 2 spell: Call Imp
  1165 | D:1      | Reached skill level 1 in Invocations
  1674 | D:2      | Reached skill level 1 in Fighting
  1674 | D:2      | Reached skill level 1 in Short Blades
  1674 | D:2      | Reached skill level 1 in Long Blades
  1674 | D:2      | Reached skill level 1 in Axes
  1674 | D:2      | Reached skill level 1 in Maces & Flails
  1674 | D:2      | Reached skill level 1 in Polearms
  1674 | D:2      | Reached skill level 1 in Staves
  1674 | D:2      | Reached skill level 1 in Slings
  1674 | D:2      | Reached skill level 1 in Bows
  1674 | D:2      | Reached skill level 1 in Crossbows
  1674 | D:2      | Reached skill level 1 in Throwing
  1674 | D:2      | Reached skill level 1 in Armour
  1674 | D:2      | Reached skill level 1 in Shields
  1674 | D:2      | Reached skill level 1 in Unarmed Combat
  1674 | D:2      | Reached skill level 1 in Evocations
  1674 | D:2      | Reached XP level 4. HP: 32/32 MP: 7/13
  2253 | D:2      | Found a shattered altar of Ashenzari.
  2844 | D:3      | Reached skill level 1 in Hexes
  2844 | D:3      | Reached skill level 1 in Charms
  2844 | D:3      | Reached skill level 1 in Necromancy
  2844 | D:3      | Reached skill level 1 in Transmutations
  2844 | D:3      | Reached skill level 1 in Fire Magic
  2844 | D:3      | Reached skill level 1 in Ice Magic
  2844 | D:3      | Reached skill level 1 in Air Magic
  2844 | D:3      | Reached skill level 1 in Earth Magic
  2844 | D:3      | Reached skill level 1 in Poison Magic
  3120 | D:3      | Reached XP level 5. HP: 37/37 MP: 12/14
  3259 | D:3      | Found a hazy altar of Hepliaklqana.
  3692 | D:3      | Slain by a gnoll

Vault maps used:
D:1:      dpeg_arrival_three_same_balls, minmay_heptomino_w4
D:2:      ashenzari_altar_1, first_ration
D:3:      overflow_temple_1_default

Skill      XL: |  1  2  3  4 |
---------------+-------------+-----
Conjurations   | 2 |  2.3
Summonings     | 2 |  2.3
Translocations | 2 |  2.3
Invocations    | 1 |  1.6
Fighting       | 1 |  1.4
Short Blades   | 1 |  1.4
Long Blades    | 1 |  1.4
Axes           | 1 |  1.4
Maces & Flails | 1 |  1.4
Polearms       | 1 |  1.4
Staves         | 1 |  1.4
Slings         | 1 |  1.4
Bows           | 1 |  1.4
Crossbows      | 1 |  1.4
Throwing       | 1 |  1.4
Armour         | 1 |  1.4
Shields        | 1 |  1.4
Unarmed Combat | 1 |  1.4
Evocations     | 1 |  1.4
Hexes          | 1 |  1.1
Charms         | 1 |  1.1
Necromancy     | 1 |  1.1
Transmutations | 1 |  1.1
Fire Magic     | 1 |  1.1
Ice Magic      | 1 |  1.1
Air Magic      | 1 |  1.1
Earth Magic    | 1 |  1.1
Poison Magic   | 1 |  1.1
Dodging        | |  4.7
Stealth        | |  4.4
Spellcasting   | |  7.3

Action                   |  1- 3 |  4- 6 || total
-------------------------+-------+-------++-------
Melee: Club              |    13 |       ||    13
       Unarmed           |     5 |       ||     5
       Bite              |     1 |     3 ||     4
       Hand axe          |     1 |       ||     1
       Halberd           |       |    54 ||    54
Throw: Stone             |     2 |       ||     2
 Cast: Magic Dart        |    82 |    50 ||   132
       Call Imp          |     1 |       ||     1
       Blink             |       |     4 ||     4
 Stab: Sleeping          |       |     1 ||     1
  Eat: Chunk             |     2 |     6 ||     8
Armor: Leather armour    |    19 |    18 ||    37
Dodge: Dodged            |    53 |    65 ||   118

Table legend:
 A = Spawn XP
 B = Non-spawn XP
 C = Spawn XP percentage of total XP
 D = Spawn monster count
 E = Non-spawn monster count
 F = Spawn count percentage of total count
 G = Total turns spent on level
                    A         B        C        D         E        F      G
               +---------+---------+-------+---------+---------+-------+---------
         Total |       0 |     214 |   0.0 |       0 |      72 |   0.0 |  3692
               +---------+---------+-------+---------+---------+-------+---------
           D:1 |       0 |      65 |   0.0 |       0 |      37 |   0.0 |  1448
           D:2 |       0 |      62 |   0.0 |       0 |      22 |   0.0 |  1352
           D:3 |       0 |      87 |   0.0 |       0 |      13 |   0.0 |   892
               +---------+---------+-------+---------+---------+-------+---------
